AoeStats
← кислород

Arabian Desert

509584291Analyzed
1v1 RM · 4d ago on Sep 27, 2026· 27m 39s· 2 players
Game mode
Random Map
Map size
Tiny (2 player)
Population
200
Speed
Normal
Resources
Standard
Victory
Conquest
Starting age
Dark Age
Ending age
Imperial Age
RankedLock teamsTeams togetherTeam positionsShared explorationLock speedFull tech treeHidden civsTurbo modeCheats
Victory
Defeat
🇲🇽 Magyars · Mexico
2152
+14
🇨🇦 Khitans · Canada
2107
-14
кислород
7:32 Loom
11:37 Feudal Age
12:24 Double-Bit Axe
14:34 Domestication
16:56 Forging
19:25 Scale Barding Armor
24:12 Castle Age
24:30 Light Cavalry
iamkaito
6:43 Loom
9:06 Feudal Age
9:44 Double-Bit Axe
20:19 Horse Collar
22:08 Wheelbarrow
27:06 Castle Age
27:22 Light Cavalry
Connection lost

Rejoining the realm…

Still unreachable

The connection could not be restored.

Session expired

The server has moved on; the page needs a fresh start.